 Dungeon Crawl Stone Soup version 0.24-a0-246-gb963c9a (webtiles) character file.

Game seed: 9824673151383140724

210 MatthieuS the Chopper (level 5, -2/47 HPs)
             Began as a Hill Orc Wanderer on Apr 12, 2019.
             Was an Initiate of Ashenzari.
             Slain by an ogre
             ... wielding a +0 giant club
              (15 damage)
             ... on level 4 of the Dungeon.
             The game lasted 00:06:08 (3456 turns).

MatthieuS the Chopper (Hill Orc Wanderer)           Turns: 3456, Time: 00:06:09

Health: -2/47      AC:  8    Str: 15    XL:     5   Next: 87%
Magic:  6/6        EV:  6    Int: 11    God:    Ashenzari [......]
Gold:   255        SH:  0    Dex: 12    Spells: 6/6 levels left

rFire    . . .     SeeInvis .   a - +0 war axe
rCold    . . .     Gourm    .   (no shield)
rNeg     . . .     Faith    .   m - +0 chain mail (curse)
rPois    .         Spirit   .   (no helmet)
rElec    .         Reflect  .   (no cloak)
rCorr    .         Harm     .   (no gloves)
MR       +....                  (no boots)
Stlth    ..........             (no amulet)
HPRegen  0.15/turn              l - ring of protection from magic
MPRegen  0.10/turn              (no ring)

@: no status effects
A: no striking features
a: Curse Item, Renounce Religion


You were on level 4 of the Dungeon.
You worshipped Ashenzari.
Ashenzari was noncommittal.
You were hungry.

You visited 2 branches of the dungeon, and saw 5 of its levels.

You collected 255 gold pieces.

Inventory:

Hand Weapons
 a - a +0 war axe (weapon)
   (You took it off an orc on level 3 of the Dungeon)
 i - a +1 dagger of venom
   (You took it off a kobold on level 2 of the Dungeon)
Missiles
 c - 12 arrows
Armour
 m - a cursed +0 chain mail (worn)
   (You found it on level 2 of the Dungeon)
Jewellery
 l - a ring of protection from magic (left hand)
   (You found it on level 1 of the Dungeon)
Wands
 o - a wand of enslavement (8)
   (You took it off Ijyb on level 3 of the Dungeon)
Scrolls
 d - 2 scrolls of remove curse {@r2}
 f - a scroll of enchant weapon {unknown}
 g - a scroll of enchant armour {unknown}
 h - 6 scrolls of identify {@r1}
 j - a scroll of immolation {unknown}
 k - a scroll of noise {unknown}
 n - 2 scrolls of amnesia {unknown}
 q - a scroll of random uselessness {unknown}
Potions
 b - a potion of invisibility {unknown}
 p - a potion of curing {@q1}
Comestibles
 e - 4 rations


   Skills:
 + Level 4.4 Fighting
 * Level 5.8 Axes
 - Level 1.0 Throwing
 - Level 1.1 Armour
 - Level 1.0 Stealth
 - Level 1.0 Spellcasting
   Level 2.0 Hexes
   Level 1.3 Transmutations


You had 6 spell levels left.
You didn't know any spells.
Your spell library contained the following spells:

 Spells                   Type           Power        Failure   Level  Hunger
 Beastly Appendage        Tmut           #.....       99%         1    ##.....
 Freeze                   Ice            #...         100%        1    ##.....
 Shock                    Conj/Air       #...         100%        1    ##.....
 Sticks to Snakes         Tmut           #.......     100%        2    ###....
 Ozocubu's Armour         Chrm/Ice       #.......     100%        3    ####...
 Spider Form              Tmut/Pois      #.........   100%        3    ####...
 Static Discharge         Conj/Air       #.......     100%        3    ####...
 Ice Form                 Ice/Tmut       #.......     100%        4    #####..
 Blade Hands              Tmut           #.........   100%        5    ######.


Dungeon Overview and Level Annotations

Branches:
Dungeon (4/15)             Temple (1/1) D:4

Altars:
Ashenzari
Cheibriados
Dithmenos
Fedhas
Hepliaklqana
Kikubaaqudgha
Makhleb
Qazlal
Uskayaw
Vehumet
Wu Jian
Xom
The Shining One


Message History

There is a fountain of sparkling water here.
Found three altars.
Found five altars.
Found three altars.
There is an ancient bone altar of Kikubaaqudgha here.
There is an ancient bone altar of Kikubaaqudgha here.
There is a shadowy altar of Dithmenos here.
Found a snail-covered altar of Cheibriados.
There is a stormy altar of Qazlal here.
There is a shattered altar of Ashenzari here.
Partly explored, can't reach some places.
Partly explored, can't reach some places.
There is an ornate altar of the Wu Jian Council here.
There is a shimmering altar of Xom here.
There is a shattered altar of Ashenzari here.
You kneel at the altar of Ashenzari.
Ashenzari welcomes you!
d - 2 scrolls of remove curse You can now curse your items.
You are feeling hungry.
You can't go up here!
There is a staircase back to the Dungeon here.
You climb upwards.
Welcome back to the Dungeon!
A frilled lizard comes into view.
There is a staircase to the Ecumenical Temple here.
A frilled lizard is nearby!
The frilled lizard bites you but does no damage.
Your chain mail prevents you from hitting the frilled lizard.
The frilled lizard bites you but does no damage. x2
You closely miss the frilled lizard.
The frilled lizard bites you but does no damage.
An ogre comes into view. It is wielding a +0 giant club.
You closely miss the frilled lizard.
The ogre shouts!
The frilled lizard bites you but does no damage.
Your chain mail prevents you from hitting the frilled lizard.
The frilled lizard bites you.
You barely miss the frilled lizard.
The frilled lizard bites you but does no damage.
You hit the frilled lizard.
You kill the frilled lizard!
The ogre hits you with a +0 giant club!
You see here a frilled lizard corpse.
You hit the ogre. The ogre hits you with a +0 giant club.
You hit the ogre. The ogre closely misses you.
You barely miss the ogre. The ogre barely misses you.
You slash the ogre! The ogre hits you with a +0 giant club!
* * * LOW HITPOINT WARNING * * *
You slash the ogre! The ogre hits you with a +0 giant club!
You die...

..# # ..## #. #. ...
#. #.#.#..#
####.########.#.#..#
#............... ..#
...........#...##O.#
..........#.#.@#
#....#..#....# .
#.....##....#...#
#........>.....##
#.....#....##..#
##.#[#....#..#..#
####...#..#.#.....#
#.......##...#....#
##.#.###.......$##.#


You could see an ogre.

Vanquished Creatures
  An orc wizard (D:3)
  Ijyb (D:3)
  5 adders
  7 worms
  A dart slug (D:2)
  5 leopard geckos
  7 orcs
  9 bats
  4 giant cockroaches
  9 goblins
  2 hobgoblins
  4 jackals (D:3)
  6 frilled lizards
  11 kobolds
  3 rats
75 creatures vanquished.

Notes
Turn   | Place    | Note
-------+----------+-------------------------------------------
     0 | D:1      | MatthieuS the Hill Orc Wanderer began the quest for the
                  | Orb.
     0 | D:1      | MatthieuS set off with the following items: a +0 club, a +0
                  | robe, a ration; and the following spells available to
                  | memorise: Beastly Appendage, Sticks to Snakes, Freeze,
                  | Shock, Spider Form, Ozocubu's Armour, Static Discharge, Ice
                  | Form, Blade Hands
     0 | D:1      | Reached XP level 1. HP: 18/18 MP: 2/2
   136 | D:1      | Reached skill level 1 in Axes
   203 | D:1      | Reached XP level 2. HP: 24/25 MP: 3/3
   224 | D:1      | Reached skill level 2 in Axes
   554 | D:1      | Reached XP level 3. HP: 22/31 MP: 4/4
   742 | D:1      | Reached skill level 3 in Axes
  1431 | D:2      | Reached XP level 4. HP: 24/38 MP: 5/5
  1753 | D:2      | Reached skill level 4 in Axes
  2022 | D:2      | Found a hazy altar of Hepliaklqana.
  2221 | D:3      | Reached skill level 5 in Axes
  2221 | D:3      | Reached XP level 5. HP: 43/46 MP: 6/6
  2387 | D:3      | Noticed Ijyb
  2398 | D:3      | Killed Ijyb
  3220 | D:4      | Found a staircase to the Ecumenical Temple.
  3232 | Temple   | Entered the Ecumenical Temple
  3420 | Temple   | Became a worshipper of Ashenzari the Shackled
  3446 | D:4      | Noticed an ogre
  3456 | D:4      | Slain by an ogre

Levels and vault maps discovered:
D:1:      matt_arrival_refuge, layout_loops_ring, grunt_decor_resistance,
          st_stairs_13, wander_ebering_terrifying_dragon_lair
D:2:      layout_loops_cross, lemuel_doored_altar
D:3:      layout_basic, first_ration, uniq_ijyb
D:4:      layout_loops_cross, lemuel_zombie_altar_yredelemnul,
          marbit_many_paths, led_sif_pool, okawaru_ov_weapons_minmay,
          minmay_temple_entry_mini_moons, serial_shops, nicolae_shop_stone,
          kennysheep_small_spiral, minmay_hollow_rounded_squares, uniq_edmund
Temple:   minmay_temple_bridge_abc

Skill      XL: |  1  2  3  4 |
---------------+-------------+-----
Axes           | 1 2 3 5 |  5.8
Fighting       | 3 4 |  4.4
Throwing       | |  1.0
Armour         | |  1.1
Stealth        | |  1.0
Spellcasting   | |  1.0
Hexes          | |  2.0
Transmutations | |  1.3

Action                   |  1- 3 |  4- 6 || total
-------------------------+-------+-------++-------
Melee: Hand axe          |   154 |    90 ||   244
       War axe           |       |    77 ||    77
  Use: Potion            |       |     3 ||     3
       Scroll            |       |     1 ||     1
 Stab: Sleeping          |     3 |       ||     3
  Eat: Chunk             |       |     8 ||     8
Armor: Robe              |    33 |       ||    33
       Chain mail        |    33 |   124 ||   157
       Scale mail        |     8 |       ||     8
Dodge: Dodged            |   103 |    68 ||   171

Table legend:
 A = Non-vault XP
 B = Vault XP
 C = Vault XP percentage of total XP
 D = Non-vault monster count
 E = Vault monster count
 F = Vault count percentage of total count
                 A         B        C        D         E       F
            +---------+---------+-------+---------+---------+-------
      Total |     260 |      40 |  13.3 |      72 |       3 |   4.0
            +---------+---------+-------+---------+---------+-------
        D:1 |      38 |       4 |   9.5 |      21 |       2 |   8.7
        D:2 |      96 |       0 |   0.0 |      25 |       0 |   0.0
        D:3 |     125 |      36 |  22.4 |      25 |       1 |   3.8
        D:4 |       1 |       0 |   0.0 |       1 |       0 |   0.0
            +---------+---------+-------+---------+---------+-------
